 Dungeon Crawl Stone Soup version 0.29-a0-923-g6e406bff71 (webtiles) character file.

Game seed: 8526129610732427645

1574 Pooter the Fighter (level 8, -5/74 HPs)
             Began as a Minotaur Berserker on July 27, 2022.
             Was a Priest of Trog.
             Slain by an ogre
             ... wielding a +0 giant club
              (12 damage)
             ... on level 6 of the Dungeon.
             The game lasted 00:22:39 (4656 turns).

Pooter the Fighter (Minotaur Berserker)             Turns: 4656, Time: 00:22:39

Health: -5/74      AC: 10    Str: 23    XL:     8   Next: 59%
Magic:  0/16       EV:  8    Int:  4    God:    Trog [***...]
Gold:   66         SH:  0    Dex: 11    Spells: 7/7 levels left

rFire   . . .      SeeInvis .   a - +0 great mace
rCold   . . .      Faith    .   (shield currently unavailable)
rNeg    . . .      Spirit   +   j - +0 chain mail
rPois   .          Reflect  .   (helmet restricted)
rElec   .          Harm     .   (no cloak)
rCorr   +          Rampage  .   l - +1 pair of gloves
Will    .....                   (no boots)
Stlth   ..........              G - amulet of guardian spirit
HPRegen 0.22/turn               C - ring of resist corrosion
MPRegen 0.15/turn               r - ring of magical power

@: no status effects
A: horns 2, retaliatory headbutt
a: Renounce Religion, Berserk, Trog's Hand


You were on level 6 of the Dungeon.
You worshipped Trog.
Trog was most pleased with you.
You visited 1 branch of the dungeon, and saw 6 of its levels.

You collected 251 gold pieces.
You spent 185 gold pieces at shops.

Inventory:

Hand Weapons
 a - a +0 great mace (weapon)
   (You found it on level 4 of the Dungeon)
 d - a +0 trident
   (You found it on level 1 of the Dungeon)
 u - a +0 hand axe
 v - a +0 morningstar
   (You took it off an orc priest on level 4 of the Dungeon)
Missiles
 h - 7 poisoned darts (quivered)
 Q - 39 stones
Armour
 j - a +0 chain mail (worn)
   (You took it off Terence on level 2 of the Dungeon)
 l - a +1 pair of gloves (worn)
   (You found it on level 2 of the Dungeon)
 o - a +0 pair of boots
   (You found it on level 4 of the Dungeon)
Jewellery
 r - a ring of magical power (right hand)
   (You found it on level 3 of the Dungeon)
 C - a ring of resist corrosion (left hand)
   (You found it on level 1 of the Dungeon)
 G - an amulet of guardian spirit (around neck)
   (You found it on level 3 of the Dungeon)
Wands
 f - a wand of flame (16)
   (You took it off Robin on level 2 of the Dungeon)
Scrolls
 e - 2 scrolls of noise {!r}
 k - 2 scrolls of immolation {!r}
 n - a scroll of poison {!r}
 t - 2 scrolls of teleportation {@r4}
 w - a scroll of blinking {unknown}
 y - a scroll of enchant weapon
Potions
 b - a potion of invisibility {unknown}
 c - a potion of magic {unknown}
 g - 2 potions of curing {@q1}
 m - a potion of ambrosia {unknown}
 p - a potion of mutation {unknown}
 q - 2 potions of haste {unknown}
 s - a potion of degeneration {unknown}
 x - a potion of berserk rage {unknown}


   Skills:
 + Level 8.3 Fighting
 - Level 7.8(9.4) Axes
 * Level 8.0(9.4) Maces & Flails
 - Level 2.4 Armour
 - Level 2.1 Dodging


You had 7 spell levels left.
You didn't know any spells.
Your spell library was empty.

Dungeon Overview and Level Annotations

Branches:
Dungeon (6/15)
 Temple: D:4-7

Altars:
Cheibriados
Elyvilon
Nemelex Xobeh
Okawaru
Yredelemnul

Shops:
D:5 *


Innate Abilities, Weirdness & Mutations

You have a pair of horns on your head.
You reflexively headbutt those who attack you in melee.


Message History

The ogre hits you with a +0 giant club!
* * * LOW MAGIC WARNING * * *
* * * LOW HITPOINT WARNING * * *
You barely miss the ogre. You headbutt the ogre! You hit the ogre.
You headbutt the ogre. The ogre barely misses you.
You hit the ogre. Your headbutt misses the ogre. The ogre closely misses you.
You hit the ogre but do no damage. You headbutt the ogre.
You kill the ogre!
Trog accepts your kill.
You feel the effects of Trog's Hand fading.
Your base Maces & Flails skill increases to level 8!
You start resting.
You recover from your berserk rage.
You start resting.
Your skin stops crawling.
You feel less strong-willed.
You start resting.
You hear the slow hiss of an avalanche of sand very nearby.
You start resting.
An ogre comes into view. It is wielding a +0 giant club.
Throw: 13 darts (poison)
Aim: an ogre, wielding a +0 giant club (wandering, hasn't noticed you, 75% to hit)
You throw a poisoned dart. The poisoned dart hits the ogre.
The ogre is poisoned.
Throw: 12 darts (poison)
Aim: an ogre, wielding a +0 giant club (poisoned, 75% to hit)
You throw a poisoned dart.
The poisoned dart barely misses the ogre.
Throw: 11 darts (poison)
Aim: an ogre, wielding a +0 giant club (lightly wounded, poisoned, 75% to hit)
You throw a poisoned dart. The poisoned dart hits the ogre.
The ogre looks even sicker.
Throw: 10 darts (poison)
Aim: an ogre, wielding a +0 giant club (lightly wounded, very poisoned, 75% to hit)
You throw a poisoned dart. The poisoned dart hits the ogre.
The ogre looks even sicker.
Throw: 9 darts (poison)
Aim: an ogre, wielding a +0 giant club (lightly wounded, very poisoned, 75% to hit)
You throw a poisoned dart. The poisoned dart hits the ogre.
The ogre looks as sick as possible!
Throw: 8 darts (poison)
Aim: an ogre, wielding a +0 giant club (moderately wounded, extremely poisoned, 75% to hit)
You throw a poisoned dart. The poisoned dart hits the ogre.
The ogre looks as sick as possible!
You hit the ogre but do no damage. You headbutt the ogre.
The ogre hits you with a +0 giant club!!
* * * LOW MAGIC WARNING * * *
* * * LOW HITPOINT WARNING * * *
You hit the ogre. The ogre hits you with a +0 giant club!
* * * LOW MAGIC WARNING * * *
You die...

#. #.# ##..
###...#######
#.......)@O(#####
#.#.....))..(.(((
.........)#.#.###
.......#.##.# #
.##.#).)...#
#.###.#..# #
#.#..# #.# ...
... .#.#


You could see an ogre (extremely poisoned).

Vanquished Creatures
  Menkaure (D:4)
  2 sky beasts
  3 ogres
  A centaur (D:6)
  A necrophage (D:5)
  2 scorpions (D:5)
  5 hounds
  3 orc priests (D:4)
  3 iguanas
  Terence (D:2)
  3 orc wizards
  Natasha (D:2)
  Robin (D:2)
  5 gnolls
  11 adders
  A white imp (D:5)
  2 ufetubi
  3 worms
  3 dart slugs
  16 orcs
  7 ball pythons
  7 endoplasms
  3 giant cockroaches
  13 goblins
  10 hobgoblins
  8 jackals
  A quokka (D:2)
  4 bats
  3 frilled lizards
  8 kobolds
  2 rats
134 creatures vanquished.

Notes
Turn   | Place    | Note
-------+----------+-------------------------------------------
     0 | D:1      | Pooter the Minotaur Berserker began the quest for the Orb.
     0 | D:1      | Reached XP level 1. HP: 19/19 MP: 0/0
   233 | D:1      | Reached XP level 2. HP: 26/27 MP: 1/1
  1071 | D:2      | Reached XP level 3. HP: 33/33 MP: 2/2
  1152 | D:2      | Noticed Terence
  1161 | D:2      | Killed Terence
  1162 | D:2      | Reached skill level 5 in Axes
  1224 | D:2      | Found a faded altar of an unknown god.
  1241 | D:2      | Reached XP level 4. HP: 41/41 MP: 3/3
  1503 | D:2      | Reached ** piety under Trog
  1503 | D:2      | Noticed Robin
  1511 | D:2      | Killed Robin
  1522 | D:2      | Reached XP level 5. HP: 37/47 MP: 4/4
  1817 | D:2      | Noticed Natasha
  1821 | D:2      | Killed Natasha
  1822 | D:2      | Reached skill level 5 in Fighting
  2205 | D:3      | Found a snail-covered altar of Cheibriados.
  2210 | D:3      | Found a sparkling altar of Nemelex Xobeh.
  2585 | D:3      | Found an iron altar of Okawaru.
  2732 | D:3      | Reached XP level 6. HP: 50/56 MP: 5/5
  3227 | D:4      | Noticed Menkaure
  3233 | D:4      | Killed Menkaure
  3234 | D:4      | Reached XP level 7. HP: 63/63 MP: 6/6
  3416 | D:4      | Reached *** piety under Trog
  3561 | D:4      | Found a white marble altar of Elyvilon.
  3811 | D:5      | Entered Level 5 of the Dungeon
  3888 | D:5      | Found a basalt altar of Yredelemnul.
  3956 | D:5      | Reached skill level 5 in Maces & Flails
  3973 | D:5      | Found Raoph's Assorted Antiques.
  3996 | D:5      | Bought a scroll labelled KOAXECL ZUBYTA for 32 gold pieces
  3996 | D:5      | Bought 2 smoky blue potions for 57 gold pieces
  3996 | D:5      | Bought a scroll labelled KOAXECL ZUBYTA for 32 gold pieces
  3996 | D:5      | Bought a scroll of identify for 64 gold pieces
  4115 | D:5      | Reached XP level 8. HP: 73/73 MP: 7/7
  4656 | D:6      | Slain by an ogre

Illustrated notes

Levels and vault maps discovered:
D:1:      eino_arrival_tree_alley, layout_loops_ring, nicolae_eternal_life
D:2:      layout_basic, hellmonk_ecumenical_altar_run_dry, st_stairs_9,
          uniq_robin, uniq_natasha, uniq_terence
D:3:      layout_loops_corners, kennysheep_okawaru_gauntlet,
          grunt_temple_overflow_open, minmay_pentomino_pile
D:4:      nicolae_BIG_FREAKIN_CUBE, layout_rooms, elyvilon_altar_5,
          uniq_menkaure
D:5:      layout_basic, nicolae_overflow_crystal_walls, serial_shops, shop
D:6:      layout_loops_ring, grunt_dithmenos_smoke_and_mirrors,
          chequers_temple_overflow_statue_of_worship,
          minmay_temple_entry_slanted, enter_ossuary_4

Skill      XL: |  1  2  3  4  5  6  7  8 |
---------------+-------------------------+-----
Axes           | 4 5 6 7 |  7.8
Fighting       | 4 5 6 7 8 |  8.3
Maces & Flails | 2 5 8 |  8.0
Armour         | |  2.4
Dodging        | |  2.1

Action                   |  1- 3 |  4- 6 |  7- 9 || total
-------------------------+-------+-------+-------++-------
Melee: Hand axe          |    24 |       |       ||    24
       Headbutt          |     5 |    19 |    28 ||    52
       Trident           |    30 |   158 |       ||   188
       Punch             |       |     1 |       ||     1
       Great mace        |       |       |   126 ||   126
Throw: Dart              |     2 |     1 |    16 ||    19
Invok: Berserk           |     2 |     6 |     2 ||    10
       Trog's Hand       |       |     2 |     2 ||     4
Evoke: Wand              |       |     4 |       ||     4
  Use: Scroll            |       |     2 |     6 ||     8
       Potion            |       |       |     2 ||     2
Armor: Animal skin       |     6 |       |       ||     6
       Chain mail        |       |    66 |   102 ||   168
Dodge: Dodged            |    37 |    63 |    76 ||   176

Table legend: (Time is in decaauts)
 A = Elapsed time spent in this place.
 B = Non-inter-level travel time spent in this place.
 C = Inter-level travel time spent in this place.
 D = Time resting spent in this place.
 E = Time spent auto-exploring this place.
 F = Levels seen in this place.
 G = Mean time per level.
                   A        B        C        D        E       F      G
               +--------+--------+--------+--------+--------+-----+--------+
         Total |   4800 |   4701 |     99 |    685 |   3069 |   6 |  800.0 |
       Dungeon |   4800 |   4701 |     99 |    685 |   3069 |   6 |  800.0 |
               +--------+--------+--------+--------+--------+-----+--------+

Top non-repeatable levels by time:
     D:3: 1079 daAuts
     D:2: 1075 daAuts
     D:1: 1035 daAuts
     D:4: 747 daAuts
     D:5: 747 daAuts
     D:6: 115 daAuts
